 Dungeon Crawl Stone Soup version 0.26-a0-651-gb41185065b (webtiles) character file.

Game seed: 1839604402282522003

21816 Flugslaktarn the Cleaver (level 12, 0/115 HPs)
             Began as a Deep Dwarf Fighter on Oct 12, 2020.
             Was a High Priest of Makhleb.
             Slain by a sun demon (1 damage)
             ... summoned by a deep elf mage
             ... on level 13 of the Dungeon.
             The game lasted 00:06:40 (8489 turns).

Flugslaktarn the Cleaver (Deep Dwarf Fighter)       Turns: 8489, Time: 00:06:41

Health: 0/115      AC: 17    Str: 21    XL:     12   Next: 57%
Magic:  2/6        EV:  8    Int:  9    God:    Makhleb [*****.]
Gold:   793        SH: 11    Dex: 16    Spells: 11/11 levels left

rFire    + + .     SeeInvis .   e - +3 broad axe of the Volcano {speed, rElec rPois rF++ Stlth-}
rCold    . . .     Faith    +   c - +0 kite shield
rNeg     . . .     Spirit   .   s - +0 plate armour
rPois    +         Reflect  .   h - +1 helmet (curse)
rElec    +         Harm     .   k - scarf {shadows}
rCorr    .         Rampage  .   b - +0 pair of gloves (curse)
MR       +....                  (no boots)
Stlth    ..........             u - amulet of faith
HPRegen  0.00/turn              (no ring)
MPRegen  0.10/turn              (no ring)

@: non-regenerating, drained
A: damage resistance, heal wounds, sense surroundings 2, no regeneration
a: Heal Wounds, Minor Destruction, Lesser Servant of Makhleb, Major Destruction,
Greater Servant of Makhleb, Renounce Religion


You were on level 13 of the Dungeon.
You worshipped Makhleb.
Makhleb was extremely pleased with you.
You visited 2 branches of the dungeon, and saw 14 of its levels.

You collected 793 gold pieces.

Inventory:

Hand Weapons
 a - a +1 war axe
 e - the +3 broad axe of the Volcano (weapon) {speed, rElec rPois rF++ Stlth-}
   (You acquired it on level 8 of the Dungeon)

   Attacks with this weapon are significantly faster.
   It greatly protects you from fire.
   It insulates you from electricity.
   It protects you from poison.
   It makes you less stealthy.
Missiles
 v - a throwing net (quivered)
Armour
 b - a cursed +0 pair of gloves (worn)
   (You found it on level 10 of the Dungeon)
 c - a +0 kite shield (worn)
 h - a cursed +1 helmet (worn)
   (You found it on level 11 of the Dungeon)
 k - a scarf of shadows (worn)
   (You found it on level 12 of the Dungeon)
 p - a +0 cloak
   (You found it on level 2 of the Dungeon)
 s - a +0 plate armour (worn)
   (You found it on level 11 of the Dungeon)
Jewellery
 f - an uncursed amulet of reflection {unknown}
   (You found it on level 8 of the Dungeon)
 u - an amulet of faith (around neck)
   (You found it on level 8 of the Dungeon)
Wands
 g - a wand of digging (5)
   (You found it on level 8 of the Dungeon)
Scrolls
 i - a scroll of blinking {unknown}
 o - 5 scrolls of immolation
 r - a scroll of identify
 t - 7 scrolls of teleportation
 x - 9 scrolls of remove curse
 y - a scroll of fog {unknown}
Potions
 d - 3 potions of might
 j - 4 potions of flight
 l - a potion of berserk rage
 m - a potion of cancellation
 n - a potion of resistance
 q - 4 potions of curing
 w - a potion of heal wounds
 z - a potion of magic {unknown}
 A - a potion of mutation {unknown}


   Skills:
 + Level 9.6(8.5) Fighting
 * Level 12.1(10.9) Axes
 + Level 9.2(8.1) Armour
 * Level 7.6(6.6) Dodging
 - Level 7.4(6.4) Shields
 + Level 10.2(9.1) Invocations
 + Level 6.3(5.3) Evocations


You had 11 spell levels left.
You didn't know any spells.
Your spell library was empty.

Dungeon Overview and Level Annotations

Branches:
Dungeon (13/15)            Temple (1/1) D:4            Lair (0/6) D:8
    Orc (0/2) D:9
 Vaults: D:13-14

Altars:
Ashenzari
Cheibriados
Dithmenos
Elyvilon
Fedhas
Gozag
Hepliaklqana
Kikubaaqudgha
Makhleb
Nemelex Xobeh
Okawaru
Qazlal
Ru
Sif Muna
Trog
Uskayaw
Vehumet
Wu Jian
Xom
Yredelemnul
Zin
The Shining One
Beogh
Jiyva

Shops:
D:4 *   D:6 }   D:9 *

Annotations:
D:5 2 runed translucent doors, Amon001's ghost, weakling GnDe
D:8 2 transporters, Prince Ribbit


Innate Abilities, Weirdness & Mutations

You are resistant to damage.
You can heal yourself by infusing magical energy.
You passively map the area around you.
You do not regenerate.


Message History

You are engulfed in flames.
You resist.
* * * LOW HITPOINT WARNING * * *
You hit the deep elf mage.
The deep elf mage is almost dead.
You hit the sun demon but do no damage. You block the sun demon's attack.
The deep elf mage completely misses you.
You miss the deep elf mage.
The deep elf mage is almost dead.
You slash the jumping spider! You closely miss the sun demon.
The jumping spider leaps!
The sun demon hits you!
* * * LOW HITPOINT WARNING * * *
You are engulfed in flames.
You resist.
* * * LOW HITPOINT WARNING * * *
You closely miss the deep elf mage.
The deep elf mage is almost dead.
You miss the sun demon.
The jumping spider leaps!
You block the deep elf mage's attack. The sun demon hits you!
* * * LOW HITPOINT WARNING * * *
You are engulfed in flames.
You resist.
You die...

#...>.# ######+##
#.....# .. ###+### ..#
#...# #####'## *
#####.### #....... *
#.......######s......
#..##+#.##...).......,
###..#
,#....###.○..○.. *
.##..# ,#.####
#@3....., .!...# #.#
#.e..... , ###..#, #.#
#......., #### ###
#......., * #....... *
, , #######. * * ** *
,, ** < , *, , * , ,,
, ,


You could see a sun demon (summoned), a deep elf mage and a jumping spider
(summoned).

Vanquished Creatures
  2 centaur warriors (D:13)
  A tengu warrior (D:13)
  3 two-headed ogres
  2 unseen horrors
  4 ugly things
  3 cyclopes
  A manticore (D:9)
  4 centaur skeletons (D:10)
  A gargoyle (D:9)
  Maggie (D:7)
  A komodo dragon (D:13)
  2 trolls
  A slime creature (D:10)
  Grinder (D:5)
  A hippogriff (D:13)
  7 yaks
  A wraith (D:10)
  Eustachio (D:5)
  3 shadows (D:12)
  Grum (D:8)
  A basilisk (D:11)
  4 vampire mosquitoes (D:12)
  Menkaure (D:4)
  A soldier ant (D:12)
  A water moccasin (D:10)
  4 ice beasts
  3 sky beasts
  A hornet zombie (D:12)
  3 orc warriors (D:9)
  6 phantoms
  2 necrophages
  3 eyes of draining
  4 wolves (D:8)
  A black bear (D:8)
  13 centaurs
  5 ogres
  A gnoll sergeant (D:5)
  9 bullfrogs
  A wyvern zombie (D:12)
  3 scorpions
  15 killer bees
  13 wights
  3 howler monkeys
  3 bullfrog zombies
  A centaur zombie (D:5)
  4 orc priests
  7 hounds
  4 jellies
  4 bullfrog skeletons
  6 iguanas
  13 orc wizards
  11 worker ants
  A killer bee zombie (D:7)
  2 hound zombies
  A worker ant zombie (D:11)
  11 gnolls
  7 adders
  A shadow imp (D:5)
  3 white imps
  3 ufetubi
  2 adder skeletons
  An adder zombie (D:5)
  2 worms
  A dart slug (D:2)
  8 leopard geckos
  59 orcs
  5 bats
  4 giant cockroaches
  5 hobgoblins (D:3)
  24 jackals
  5 quokkas
  A frilled lizard (D:4)
  A giant cockroach zombie (D:6)
  5 goblins
  2 kobolds (D:2)
  A leopard gecko skeleton (D:4)
  4 rats
351 creatures vanquished.

Vanquished Creatures (collateral kills)
  Snorg (D:11)
1 creature vanquished.

Grand Total: 352 creatures vanquished

Notes
Turn   | Place    | Note
-------+----------+-------------------------------------------
     0 | D:1      | Flugslaktarn the Deep Dwarf Fighter began the quest for the
                  | Orb.
     0 | D:1      | Reached XP level 1. HP: 20/20 MP: 1/1
   171 | D:3      | Reached XP level 2. HP: 23/28 MP: 2/2
   231 | D:3      | Reached XP level 3. HP: 28/34 MP: 3/3
   253 | D:3      | Reached skill level 3 in Axes
   302 | D:4      | Found Ysodaag's Lightly-Used Armoury.
   361 | D:4      | Reached XP level 4. HP: 25/42 MP: 4/4
   367 | D:4      | Found an iron altar of Okawaru.
   376 | D:4      | Noticed Menkaure
   393 | D:4      | Killed Menkaure
   393 | D:4      | Reached skill level 4 in Axes
   393 | D:4      | Reached XP level 5. HP: 24/50 MP: 4/4
   493 | D:4      | Found a staircase to the Ecumenical Temple.
   536 | Temple   | Entered the Ecumenical Temple
   703 | D:4      | Reached XP level 6. HP: 45/57 MP: 4/4
   969 | D:5      | Entered Level 5 of the Dungeon
  1012 | D:5      | Reached skill level 5 in Axes
  1017 | D:5      | Noticed Grinder
  1040 | D:5      | Killed Grinder
  1040 | D:5      | Reached skill level 5 in Fighting
  1040 | D:5      | Reached XP level 7. HP: 55/67 MP: 3/3
  1107 | D:5      | Found a sacrificial altar of Ru.
  1150 | D:5      | Reached skill level 5 in Armour
  1150 | D:5      | Reached skill level 5 in Shields
  1161 | D:5      | Reached skill level 6 in Axes
  1303 | D:5      | Found a hazy altar of Hepliaklqana.
  1436 | D:5      | Found a large runed translucent door.
  1436 | D:5      | Found a large runed translucent door.
  1443 | D:5      | Found a sparkling altar of Nemelex Xobeh.
  1449 | D:5      | Noticed Eustachio
  1538 | D:5      | Killed Eustachio
  1538 | D:5      | Reached XP level 8. HP: 15/76 MP: 3/3
  1589 | D:5      | Noticed Amon001's ghost (weakling GnDe)
  1919 | D:6      | Found Wakley's Gadget Boutique.
  2651 | D:7      | Reached skill level 7 in Axes
  2828 | D:7      | Noticed Maggie
  2848 | D:7      | Killed Maggie
  2848 | D:7      | Reached skill level 8 in Axes
  2848 | D:7      | Gained mutation: You passively map the area around you.
                  | [Deep Dwarf growth]
  2848 | D:7      | Reached XP level 9. HP: 32/86 MP: 1/1
  3253 | D:8      | Identified a scroll of acquirement
  3253 | D:8      | Acquired the +3 broad axe of the Volcano {speed, rElec
                  | rPois rF++ Stlth-}
  3254 | D:8      | Found a transporter.
  3305 | D:8      | Noticed Grum
  3322 | D:8      | Killed Grum
  3372 | D:8      | Noticed a six-headed hydra
  3398 | D:8      | Found a snail-covered altar of Cheibriados.
  3463 | D:8      | Reached skill level 9 in Axes
  3721 | D:8      | Found a staircase to the Lair.
  3841 | D:8      | Noticed Prince Ribbit
  3877 | D:8      | Reached XP level 10. HP: 50/96 MP: 1/1
  3933 | D:8      | Found a transporter.
  4848 | D:2      | Found a burning altar of Makhleb.
  4856 | D:2      | Became a worshipper of Makhleb the Destroyer
  4996 | D:2      | Found a faded altar of an unknown god.
  5426 | D:9      | Noticed a gargoyle
  5439 | D:9      | Killed a gargoyle
  5517 | D:9      | Found Kibof's Demolitions Depot.
  5536 | D:9      | Noticed a manticore
  5536 | D:9      | Noticed a two-headed ogre
  5545 | D:9      | Reached skill level 1 in Invocations
  5556 | D:9      | Killed a manticore
  5556 | D:9      | Reached * piety under Makhleb
  5578 | D:9      | Killed a two-headed ogre
  5668 | D:9      | Found a roughly hewn altar of Beogh.
  5668 | D:9      | Found a staircase to the Orcish Mines.
  5733 | D:9      | Reached ** piety under Makhleb
  6134 | D:10     | Entered Level 10 of the Dungeon
  6148 | D:10     | Reached skill level 10 in Axes
  6148 | D:10     | Reached skill level 1 in Dodging
  6148 | D:10     | Reached skill level 1 in Evocations
  6296 | D:10     | Reached XP level 11. HP: 75/104 MP: 5/5
  6451 | D:10     | Reached *** piety under Makhleb
  6485 | D:10     | Found a viscous altar of Jiyva.
  6647 | D:10     | Killed an unseen horror
  6767 | D:11     | Noticed a cyan ugly thing
  6781 | D:11     | Killed a cyan ugly thing
  7022 | D:11     | Noticed a two-headed ogre
  7033 | D:11     | Killed a two-headed ogre
  7037 | D:11     | Reached **** piety under Makhleb
  7297 | D:11     | Noticed a purple ugly thing
  7309 | D:11     | Killed a purple ugly thing
  7309 | D:11     | Reached skill level 11 in Axes
  7309 | D:11     | Reached skill level 5 in Dodging
  7321 | D:11     | Noticed Snorg
  7337 | D:11     | Killed Snorg
  7573 | D:12     | Noticed a two-headed ogre
  7587 | D:12     | Killed a two-headed ogre
  7589 | D:12     | Noticed a green ugly thing
  7609 | D:12     | Killed a green ugly thing
  7683 | D:12     | Reached XP level 12. HP: 73/114 MP: 6/6
  7693 | D:12     | Reached skill level 5 in Evocations
  7833 | D:12     | Reached ***** piety under Makhleb
  8240 | D:13     | Noticed a tengu warrior
  8273 | D:13     | Killed a tengu warrior
  8273 | D:13     | Reached skill level 10 in Invocations
  8323 | D:13     | Noticed a centaur warrior
  8337 | D:13     | Killed a centaur warrior
  8384 | D:13     | Noticed a centaur warrior
  8398 | D:13     | Killed a centaur warrior
  8398 | D:13     | Reached skill level 12 in Axes
  8489 | D:13     | HP: 1/115 [sun demon[a deep elf mage] (12)]
  8489 | D:13     | Slain by a sun demon

Illustrated notes

Levels and vault maps discovered:
D:1:      dpeg_arrival_another_circle, layout_loops_ring
D:2:      layout_loops_ring, lemuel_coloured_pillars_altar,
          chequers_ecumenical_altar_twisty
D:3:      layout_basic, minmay_misc_feat_encased, minmay_misc_feat_four_crosses
D:4:      layout_gridville, okawaru_ov_weapons_minmay,
          minmay_temple_entry_steel_oval, minmay_shop_damaged,
          grunt_decor_mini_mirrors, uniq_menkaure
D:5:      layout_basic, nicolae_ru_awakened_eye, marbit_many_paths,
          old_standard_altar, ebering_ghost_disaster_area, uniq_grinder,
          uniq_eustachio
D:6:      layout_basic, serial_shops, nicolae_shop_trees
D:7:      layout_rooms, minmay_between, uniq_maggie
D:8:      layout_loops_corners, gammafunk_temple_overflow_arena,
          lair_entry_dummy, uniq_prince_ribbit1, uniq_grum
D:9:      layout_basic, david_orc_5, nicolae_blasting_shop
D:10:     layout_loops_cross, jiyva_altar_1
D:11:     layout_roguey, serial_rivers, chequers_serial_rivers_micro_c,
          chequers_serial_rivers_large_a, chequers_serial_rivers_small_a,
          chequers_serial_rivers_micro_e, chequers_serial_rivers_small_a,
          uniq_snorg
D:12:     layout_rooms
D:13:     layout_roguey, erik_vaults_1, corexii_mini_fake_secret_closet
Temple:   nicolae_temple_x_marks_the_god

Skill      XL: |  1  2  3  4  5  6  7  8  9 10 11 12 |
---------------+-------------------------------------+-----
Fighting       | 3 4 5 7 8 9 |  9.6
Axes           | 3 4 5 6 8 9 10 11 12 | 12.1
Armour         | 4 5 6 7 8 9 |  9.2
Shields        | 4 5 6 7 |  7.4
Invocations    | 8 9 10 | 10.2
Dodging        | 2 6 7 |  7.6
Evocations     | 1 4 6 |  6.3

Action                   |  1- 3 |  4- 6 |  7- 9 | 10-12 || total
-------------------------+-------+-------+-------+-------++-------
Melee: War axe           |    52 |    76 |   341 |       ||   469
       Broad axe         |       |       |   131 |   829 ||   960
Invok: Lesser Servant of |       |       |       |     2 ||     2
 Abil: Heal Wounds       |       |     6 |    19 |     8 ||    33
  Use: Potion            |       |       |     2 |     4 ||     6
       Scroll            |       |       |    11 |     7 ||    18
 Stab: Invisible         |       |       |    11 |     9 ||    20
Armor: Scale mail        |    24 |    19 |   105 |       ||   148
       Skin              |       |       |    83 |       ||    83
       Chain mail        |       |       |    94 |   147 ||   241
       Plate armour      |       |       |       |   176 ||   176
Dodge: Dodged            |    10 |    21 |   156 |   152 ||   339
Block: Kite shield       |    33 |    38 |   384 |   358 ||   813

Table legend: (Time is in decaauts)
 A = Elapsed time spent in this place.
 B = Non-inter-level travel time spent in this place.
 C = Inter-level travel time spent in this place.
 D = Time resting spent in this place.
 E = Time spent auto-exploring this place.
 F = Levels seen in this place.
 G = Mean time per level.
                   A        B        C        D        E       F      G
               +--------+--------+--------+--------+--------+-----+--------+
         Total |   8431 |   7894 |    537 |     48 |   5587 |  14 |  602.2 |
       Dungeon |   8372 |   7842 |    530 |     48 |   5537 |  13 |  644.0 |
        Temple |     58 |     51 |      7 |      0 |     50 |   1 |   58.0 |
               +--------+--------+--------+--------+--------+-----+--------+

Top non-repeatable levels by time:
     D:5: 1038 daAuts
     D:8: 842 daAuts
    D:11: 816 daAuts
     D:9: 809 daAuts
     D:6: 728 daAuts
     D:2: 687 daAuts
     D:3: 680 daAuts
     D:4: 672 daAuts
     D:7: 623 daAuts
    D:10: 557 daAuts
    D:12: 552 daAuts
    D:13: 304 daAuts
  Temple: 58 daAuts
     D:1: 58 daAuts
